 Dungeon Crawl Stone Soup version 0.17.0-15-g6d90897 (webtiles) character file.

35 HaroldButt the Insei (level 3, 0/28 HPs)
             Began as a Draconian Transmuter on Nov 10, 2015.
             Succumbed to an adder's poison
             ... on level 2 of the Dungeon.
             The game lasted 00:02:19 (747 turns).

HaroldButt the Insei (Draconian Transmuter)          Turns: 747, Time: 00:02:20

Health: 0/28       AC:  5    Str: 12      XL:     3   Next: 16%
Magic:  6/6        EV: 12    Int: 13      God:
Gold:   65         SH:  0    Dex:  9 (12) Spells: 2 memorised, 3 levels left

rFire  . . .     SeeInvis .       - Unarmed
rCold  . . .     Clarity  .     (armour unavailable)
rNeg   . . .     SustAt   .     (no shield)
rPois  .         Gourm    .     (helmet restricted)
rElec  .         Spirit   .     (no cloak)
rCorr  .         Warding  .     (no gloves)
rMut   .         Stasis   .     (no boots)
MR     .....                    (no amulet)
Stlth  +.........               (no ring)
                                (no ring)

@: lethally poisoned (0 -> -6), appendage (expiring), flying, not resistant to
hostile enchantments, very unstealthy
A: unfitting armour, horns 2, cold-blooded, AC +5
a: End Transformation


You were on level 2 of the Dungeon.
You were not hungry.
You had grown temporary horns.
You visited 1 branch of the dungeon, and saw 2 of its levels.

You collected 65 gold pieces.

Inventory:

Missiles
 a - 60 arrows
 j - 13 stones (quivered)
Jewellery
 f - an uncursed ring of positive energy {unknown}
Scrolls
 h - 3 scrolls of remove curse {unknown}
 i - 3 scrolls of identify {unknown}
 o - 2 scrolls of teleportation {unknown}
Potions
 d - a potion of agility {unknown}
 g - a potion of ambrosia {unknown}
 n - a potion of flight
Books
 b - a book of Changes

   Spells                             Type                      Level
   a - Beastly Appendage              Transmutation                1
   b - Sticks to Snakes               Transmutation                2
   c - Spider Form                    Transmutation/Poison         3
   d - Ice Form                       Ice/Transmutation            4
   e - Blade Hands                    Transmutation                5
Comestibles
 c - 2 bread rations
 l - a slice of pizza
 m - a meat ration
 p - 4 chunks of flesh


   Skills:
 - Level 1.1 Fighting
 - Level 1.8 Dodging
 + Level 4.2 Unarmed Combat
 - Level 2.0 Spellcasting
 - Level 2.0 Transmutations


You had 3 spell levels left.
You knew the following spells:

 Your Spells              Type           Power        Failure   Level  Hunger
a - Beastly Appendage     Trmt           #.....       12%         1    ##.....
b - Sticks to Snakes      Trmt           #.........   17%         2    ###....


Dungeon Overview and Level Annotations

Branches:
Dungeon (2/15)

Altars:


Innate Abilities, Weirdness & Mutations

Your plain brown scales are hard (AC +5).
Your body does not fit into most forms of armour.
You are cold-blooded and may be slowed by cold attacks.
You have a pair of horns on your head.


Message History

The adder bites you.
* * * LOW HITPOINT WARNING * * *
You hit the adder.
You kill the adder!
You have reached level 3!
Your experience leads to an increase in your attributes!
Increase (S)trength, (I)ntelligence, or (D)exterity?
You feel agile.
Your scales feel tougher.
Drink which item? (? for menu, Esc to quit)
It was a potion of flight.
You feel very buoyant.
You fly up into the air.
The adder bites you.
* * * LOW HITPOINT WARNING * * *
You are lethally poisoned!
The adder poisons you! The adder misses you.
Drink which item? (? for menu, Esc to quit)
It was a potion of degeneration.
There was something very wrong with that liquid.
You feel clumsy.
You die...

.............#####
#.#.#.#.#.#.#......
..............#####
.#.#.#.#.#.#.#.# ##
..............## ...
#.#.#.#.#.#.#.# ....
.............##
##.....
.#.#.#.#.#.#.####....#
............##gS@.#
#.#.#.#.#.#...g####
..............##
.#.#.#.#.#..#..#
..........#.##.#
#.#.#.#.#.#.# ...
.........##.# ##..
.##.#....... .# ## ##
#


You could see an adder, a hobgoblin and a goblin.

Vanquished Creatures
  An adder (D:2)
  2 giant cockroaches (D:1)
  A goblin (D:2)
  3 hobgoblins (D:1)
  2 jackals (D:1)
  5 bats
  4 giant geckos
  2 kobolds (D:1)
  3 rats (D:1)
23 creatures vanquished.

Notes
Turn   | Place    | Note
--------------------------------------------------------------
     0 | D:1      | HaroldButt the Draconian Transmuter began the quest for the Orb.
     0 | D:1      | Reached XP level 1. HP: 16/16 MP: 3/3
    67 | D:1      | Reached XP level 2. HP: 23/23 MP: 5/5
   129 | D:1      | Learned a level 2 spell: Sticks to Snakes
   635 | D:2      | Reached skill level 4 in Unarmed Combat
   745 | D:2      | Reached XP level 3. HP: 2/28 MP: 6/6
   746 | D:2      | HP: 1/28 [adder (1)]
   747 | D:2      | Succumbed to an adder's poison

Action                   || total
-------------------------++-------
Melee: Unarmed           ||   110
 Cast: Beastly Appendage ||     1
  Use: Potion            ||     3
 Stab: Sleeping          ||     2
